 Dungeon Crawl Stone Soup version 0.16.1-29-g3e760ad (webtiles) character file.

123 Krapule the Insei (level 4, -4/35 HPs)
             Began as a Demonspawn Transmuter on June 10, 2015.
             Killed by nerve-wracking pain
             ... invoked by Grinder
              (6 damage)
             ... on level 3 of the Dungeon.
             The game lasted 00:13:28 (2624 turns).

Krapule the Insei (Demonspawn Transmuter)           Turns: 2624, Time: 00:13:28

Health: -4/35      AC:  6    Str: 11    XL:     4   Next: 80%
Magic:  7/7        EV: 13    Int: 18    God:
Gold:   117        SH:  0    Dex: 13    Spells: 1 memorised, 6 levels left

rFire  . . .     SeeInvis .       - Unarmed
rCold  . . .     Clarity  .     c - +0 robe
rNeg   . . .     SustAb   .     (no shield)
rPois  .         Gourm    .     k - +1 hat {Int+3}
rElec  .         Spirit   .     (no cloak)
rCorr  .         Warding  .     (no gloves)
rMut   .         Stasis   .     (no boots)
MR     .....                    (no amulet)
Stlth  +.........               (no ring)
                                g - +2 ring of protection

@: exhausted, not resistant to hostile enchantments, very unstealthy
A: rugged brown scales 1, spiny 1
a: no special abilities


You were on level 3 of the Dungeon.
You were very hungry.

You visited 1 branch of the dungeon, and saw 3 of its levels.

You collected 117 gold pieces.

Inventory:

Missiles
 b - 40 arrows
 e - 28 arrows of frost
Armour
 c - a +0 robe (worn)
 k - a +1 hat of intelligence (worn)
Jewellery
 g - a +2 ring of protection (left hand)
 h - an uncursed ring of ice
Magical devices
 f - a wand of random effects (30)
Scrolls
 m - 4 scrolls of identify {unknown}
 n - a scroll of fear {unknown}
 o - a scroll of immolation {unknown}
Potions
 l - a potion of restore abilities
Books
 d - a book of Changes

   Spells                             Type                      Level
   a - Beastly Appendage              Transmutation                1
   b - Sticks to Snakes               Transmutation                2
   c - Spider Form                    Transmutation/Poison         3
   d - Ice Form                       Ice/Transmutation            4
   e - Blade Hands                    Transmutation                5
Comestibles
 a - 2 bread rations
 i - 2 slices of pizza
 j - 2 beef jerkies


   Skills:
 + Level 2.6 Fighting
 + Level 2.7 Dodging
 - Level 3.0 Unarmed Combat
 - Level 2.0 Spellcasting
 + Level 3.0 Transmutations


You had 6 spell levels left.
You knew the following spells:

 Your Spells              Type           Power        Failure   Level  Hunger
a - Beastly Appendage     Trmt           ##....       6%          1    #......


Dungeon Overview and Level Annotations

Branches:
Dungeon (3/15)

Altars:
Elyvilon
Xom

Annotations:
D:3 Grinder


Innate Abilities, Weirdness & Mutations

You are partially covered in rugged brown scales (AC +1, +3% HP).
You are partially covered in sharp spines.


Message History

You feel sick.
You are no longer poisoned.
The giant gecko bites you but does no damage.
Items here: ))) [ †† The giant gecko misses you.
The giant gecko barely misses you.
The giant gecko bites you but does no damage.
The giant gecko bites you but does no damage.
The giant gecko barely misses you. The giant gecko closely misses you.
You see here a bat corpse.
You feel yourself speed up.
The giant gecko hisses menacingly.
The giant gecko bites you.
* * * LOW HITPOINT WARNING * * *
You see here 16 stones.
The giant gecko completely misses you. Grinder gestures at you.
Pain shoots through your body!
You die...

)## #.......# ..## #.......# ...#
#.......# ...# #.......# ...#
##.....## ..## ###.....## #####
...## #........# ###...##
....######........########.......
........#.....5.@.l..(..†........
.........<..)............###...##
....#....#######....####..#..###
.##....#............# ##.#.##
.#####..########..#.# #.#)# ...#
#...## ##.... #.).# ...####...#
###... #..## ....###...####
#.............. ....†###.....###
####.....##....


You could see Grinder and a giant gecko.

Vanquished Creatures
  An orc wizard (D:3)
  2 adders
  A worm (D:2)
  A giant mite (D:1)
  2 giant geckos
  An ooze (D:3)
  3 orcs (D:3)
  A ball python (D:2)
  2 giant cockroaches (D:3)
  4 hobgoblins
  7 jackals
  6 kobolds
  A quokka (D:2)
  7 bats
  2 giant newts (D:1)
  11 goblins
  7 rats
59 creatures vanquished.

Notes
Turn   | Place    | Note
--------------------------------------------------------------
     0 | D:1      | Krapule, the Demonspawn Transmuter, began the quest for the Orb.
     0 | D:1      | Reached XP level 1. HP: 15/15 MP: 3/3
    66 | D:1      | Gained mutation: You are partially covered in sharp spines. [demonic ancestry]
    66 | D:1      | Reached XP level 2. HP: 8/21 MP: 2/4
   998 | D:2      | Found a shimmering altar of Xom.
  1235 | D:2      | Gained mutation: You are partially covered in rugged brown scales (AC +1, +3% HP). [demonic ancestry]
  1235 | D:2      | Reached XP level 3. HP: 4/27 MP: 6/6
  1599 | D:2      | Found a white marble altar of Elyvilon.
  2038 | D:2      | Reached skill level 3 in Unarmed Combat
  2190 | D:2      | Reached XP level 4. HP: 25/33 MP: 7/7
  2452 | D:3      | Noticed Grinder
  2617 | D:3      | HP: 1/35 [giant gecko (3)]
  2624 | D:3      | Killed from afar by Grinder

Action                   |  1- 3 |  4- 6 || total
-------------------------+-------+-------++-------
Melee: Unarmed           |   177 |    64 ||   241
 Cast: Beastly Appendage |     4 |       ||     4
  Use: Potion            |     2 |     1 ||     3
       Scroll            |     1 |       ||     1
  Eat: Chunk             |     4 |     1 ||     5
